 Dungeon Crawl Stone Soup version 0.25-a0-890-g62861fb195 (webtiles) character file.

Game seed: 144649624814499399, levelgen mode: deterministic

2883 EnegeticOcto the Carver (level 9, -1/63 HPs)
             Began as an Octopode Fighter on May 2, 2020.
             Was a Believer of Ru.
             Slain by an unseen horror (5 damage)
             ... on level 7 of the Dungeon.
             The game lasted 00:03:34 (6316 turns).

EnegeticOcto the Carver (Octopode Fighter)          Turns: 6316, Time: 00:03:35

Health: -1/63      AC:  1    Str: 19    XL:     9   Next: 76%
Magic:  0/0        EV: 14    Int: 10    God:    Ru [**....]
Gold:   348        SH: 13    Dex: 15    Spells: 8/8 levels left

rFire    + . .     SeeInvis .   a - +1 long sword
rCold    . . .     Gourm    .   b - +0 kite shield
rNeg     + . .     Faith    .   (helmet restricted)
rPois    .         Spirit   .   q - +2 amulet of reflection
rElec    .         Reflect  +   r - ring "Geesiwn" {rF+ rN+ MP-9 Str+4}
rCorr    .         Harm     .   (no ring)
MR       .....                  (no ring)
Stlth    +++.......             (no ring)
HPRegen  0.20/turn              (no ring)
MPRegen  0.07/turn              (no ring)
                                (no ring)
                                (no ring)

@: no status effects
A: almost no armour, stealthy swim, amphibious, 8 rings, constrict 8, camouflage
1, gelatinous body 1, inability to use devices
a: Renounce Religion


You were on level 7 of the Dungeon.
You worshipped Ru.
Ru was pleased with you.
You were not hungry.

You visited 2 branches of the dungeon, and saw 8 of its levels.

You collected 348 gold pieces.

Inventory:

Hand Weapons
 a - a +1 long sword (weapon)
Missiles
 l - 5 curare-tipped darts (quivered)
Armour
 b - a +0 kite shield (worn)
Jewellery
 i - an uncursed amulet of regeneration
 q - a +2 amulet of reflection (around mantle)
 r - the ring "Geesiwn" (left tentacle) {rF+ rN+ MP-9 Str+4}
   (You found it on level 5 of the Dungeon)

   [ring of protection from fire]

   It affects your strength (+4).
   It protects you from fire.
   It protects you from negative energy.
   It affects your magic capacity (-9).
Wands
 c - a wand of polymorph (8)
Scrolls
 f - 4 scrolls of remove curse {@r6}
 g - 2 scrolls of identify {@r1}
 s - a scroll of immolation {@r4}
Potions
 d - 2 potions of heal wounds {@q2}
 j - a potion of brilliance
 k - a potion of might {@q3}
 m - a potion of cancellation
 n - a potion of haste {@q4}
 o - a potion of flight
 p - 6 potions of curing {@q1}
 t - a potion of mutation
Comestibles
 e - 14 rations
 h - 2 chunks of flesh


   Skills:
 + Level 6.8 Fighting
 * Level 9.1 Long Blades
 + Level 5.3 Dodging
 - Level 0.5 Stealth
 + Level 6.9 Shields


You had 8 spell levels left.
You didn't know any spells.
Your spell library contained the following spells:

 Spells                   Type           Power        Failure   Level  Hunger
 Animate Skeleton         Necr           N/A          71%         1    ##.....
 Apportation              Tloc           #.....       71%         1    ##.....
 Corona                   Hex            #......      71%         1    ##.....
 Pain                     Necr           #...         71%         1    ##.....
 Summon Small Mammal      Summ           #...         71%         1    ##.....
 Vampiric Draining        Necr           #.........   97%         3    ####...
 Animate Dead             Necr           N/A          100%        4    #####..
 Agony                    Necr           #.......     100%        5    ######.


Dungeon Overview and Level Annotations

Branches:
Dungeon (7/15)             Temple (1/1) D:5

Altars:
Ashenzari
Cheibriados
Elyvilon
Fedhas
Gozag
Hepliaklqana
Kikubaaqudgha
Makhleb
Okawaru
Ru
Trog
Uskayaw
Vehumet
Wu Jian
Zin
The Shining One

Annotations:
D:4 1 runed translucent door, Crazy Yiuf
D:6 3 runed translucent doors, Hasart's ghost, novice DEIE; incide's ghost, novice GnWn


Innate Abilities, Weirdness & Mutations

You cannot wear most types of armour.
You are very stealthy in the water. (Stealth+)
You are amphibious.
You can wear up to eight rings at the same time.
You can use your tentacles to constrict eight enemies at once.
Your skin changes colour to match your surroundings (Stealth+).
Your rubbery body absorbs attacks. (AC +1, EV +1)
You cannot study or use magical devices.


Message History

The sky beast is lightly wounded.
You miss the sky beast. Your squeeze misses the sky beast.
The sky beast is lightly wounded.
The sky beast misses you.
You riposte.
You slash the sky beast! You squeeze the sky beast!
The sky beast is almost dead.
You hit the sky beast.
The sky beast is almost dead.
You block the sky beast's attack.
You slash the sky beast!
You kill the sky beast!
Your Long Blades skill increases to level 9!
l - 5 curare-tipped darts (gained 1) HP restored.
You butcher the black bear corpse.
h - 3 chunks of flesh You see here a black bear skeleton. x2
Eating one of 3 chunks of flesh.
You eat one of the 3 chunks of flesh.
This raw flesh tastes terrible.
You now have 348 gold pieces (gained 20).
Found a stone staircase leading down.
A jackal comes into view.
The jackal barks!
You hear a loud, deep croak!
A jackal is nearby!
A jackal comes into view.
A bullfrog comes into view.
A jackal comes into view.
The jackal bites you. You block the jackal's attack.
You miss the jackal.
The jackal barks!
You grab the jackal. You squeeze the jackal.
The jackal is severely wounded.
You constrict the jackal.
You kill the jackal!
A scorpion comes into view.
A jackal comes into view.
You block the jackal's attack. You block the bullfrog's attack.
You slash the bullfrog! You grab the bullfrog.
The bullfrog is heavily wounded.
You constrict the bullfrog. The bullfrog hits you.
The jackal closely misses you. The bullfrog closely misses you.
You riposte.
You hit the bullfrog.
The bullfrog is severely wounded.
The jackal bites you.
You hit the bullfrog but do no damage. Your squeeze misses the bullfrog.
The bullfrog is severely wounded.
You constrict the bullfrog. You block the bullfrog's attack.
The jackal bites you. You block the bullfrog's attack.
You hit the bullfrog.
You kill the bullfrog!
The jackal bites you. Something hits you.
Deactivating autopickup; reactivate with Ctrl-A.
The jackal barely misses you.
You slash the jackal!
You kill the jackal!
You block something's attack. You block the jackal's attack.
You closely miss the scorpion. You grab the scorpion. You squeeze the scorpion.
The scorpion is lightly wounded.
You constrict the scorpion. The jackal misses you.
The scorpion is stunned by your will and fails to attack.
You block the jackal's attack.
You slash the scorpion!
The scorpion is almost dead.
You constrict the scorpion. You block the jackal's attack.
The scorpion barely misses you.
You riposte.
You hit the scorpion but do no damage. You squeeze the scorpion.
You kill the scorpion!
You hit the jackal. You grab the jackal. You squeeze the jackal.
The jackal is heavily wounded.
You constrict the jackal.
You kill the jackal!
Something hits you! You block the jackal's attack.
You block something's attack. The jackal bites you.
You slash the jackal!
You kill the jackal!
Something hits you!
You redirect something's attack!
You are too injured to fight recklessly!
There is a strange disturbance nearby!
There is a strange disturbance nearby!
You swing at nothing.
You swing at nothing.
You swing at nothing.
You hit something. Your squeeze misses something. Something hits you.
Something hits you!
* * * LOW HITPOINT WARNING * * *
Something barely misses you.
Your shield prevents you from hitting something.
You squeeze something. Something barely misses you. Something hits you!
* * * LOW HITPOINT WARNING * * *
You focus your will and blind something in retribution!
You feel much better. You block something's attack.
Unknown command.
You swing at nothing.
You swing at nothing.
Something hits you!
You slash something! Something hits you!
* * * LOW HITPOINT WARNING * * *
You block something's attack.
You barely miss something. Something hits you!
* * * LOW HITPOINT WARNING * * *
Something hits you.
You die...

#.# #.......# #.#
#.#####.# #.# #.#
#.# #.# #.# #.#
#.# ##.#####.#
##.. #........#
...
#..#####.########
### .. #....^....
#@######## #.#
#.### #...## ###
#####...# ....
#.....#>.....
####
#.###††.####.
#...... #..#.#.#


There were no monsters in sight!

Vanquished Creatures
  A two-headed ogre (D:6)
  Prince Ribbit (D:6)
  Grinder (D:6)
  Edmund (D:6)
  A sky beast (D:7)
  A black bear (D:7)
  4 ogres
  An orc warrior (D:6)
  Blork the orc (D:4)
  A bullfrog (D:7)
  3 scorpions
  A howler monkey (D:4)
  2 crimson imps
  A bullfrog zombie (D:5)
  2 hounds (D:5)
  3 orc priests (D:6)
  A centaur skeleton (D:4)
  Jessica (D:2)
  2 iguanas
  Natasha (thrice) (D:2)
  4 worker ants
  A killer bee zombie (D:5)
  2 hound skeletons
  3 gnolls (D:4)
  13 adders
  A white imp (D:4)
  An ooze (D:1)
  An adder skeleton (D:5)
  2 worms (D:2)
  2 dart slugs
  2 leopard geckos
  19 orcs
  8 bats
  6 giant cockroaches
  12 goblins
  6 hobgoblins
  7 jackals
  3 kobolds
  5 quokkas
  2 ball pythons
  8 frilled lizards
  A leopard gecko skeleton (D:3)
  A quokka skeleton (D:4)
  A quokka zombie (D:6)
  9 rats
152 creatures vanquished.

Vanquished Creatures (others)
  A withered plant (D:6)
1 creature vanquished.

Grand Total: 153 creatures vanquished

Notes
Turn   | Place    | Note
-------+----------+-------------------------------------------
     0 | D:1      | EnegeticOcto the Octopode Fighter began the quest for the
                  | Orb.
     0 | D:1      | Reached XP level 1. HP: 16/16 MP: 1/1
   217 | D:1      | Reached XP level 2. HP: 20/21 MP: 2/2
   670 | D:1      | Reached XP level 3. HP: 26/26 MP: 3/3
  1116 | D:2      | Reached skill level 3 in Long Blades
  1154 | D:2      | Noticed Natasha
  1160 | D:2      | Killed Natasha
  1160 | D:2      | Reached XP level 4. HP: 18/31 MP: 4/4
  1415 | D:2      | Noticed Natasha
  1422 | D:2      | Killed Natasha
  1422 | D:2      | Reached skill level 4 in Long Blades
  1422 | D:2      | Reached XP level 5. HP: 37/37 MP: 5/5
  1511 | D:2      | Noticed Jessica
  1516 | D:2      | Killed Jessica
  1519 | D:2      | Noticed Natasha
  1523 | D:2      | Killed Natasha
  1917 | D:3      | Reached XP level 6. HP: 43/43 MP: 6/6
  3178 | D:4      | Reached skill level 5 in Long Blades
  3198 | D:4      | Found a white marble altar of Elyvilon.
  3204 | D:4      | Reached XP level 7. HP: 19/49 MP: 7/7
  3541 | D:4      | Found a blossoming altar of Fedhas.
  3548 | D:4      | Reached skill level 6 in Long Blades
  3620 | D:4      | Reached skill level 5 in Shields
  3729 | D:4      | Reached skill level 5 in Fighting
  3823 | D:4      | Noticed Blork the orc
  3828 | D:4      | Killed Blork the orc
  3964 | D:4      | Found a runed translucent door.
  3965 | D:4      | Noticed Crazy Yiuf
  4046 | D:5      | Entered Level 5 of the Dungeon
  4058 | D:5      | Found a staircase to the Ecumenical Temple.
  4067 | Temple   | Entered the Ecumenical Temple
  4106 | Temple   | Became a worshipper of Ru the Awakened
  4209 | D:5      | Reached XP level 8. HP: 45/55 MP: 8/8
  4391 | D:5      | Found a shattered altar of Ashenzari.
  4461 | D:5      | Found an iron altar of Okawaru.
  4636 | D:5      | Got a vibrating marble ring
  4741 | D:5      | Identified the ring "Geesiwn" {rF+ rN+ MP-9 Str+4} (You
                  | found it on level 5 of the Dungeon)
  4815 | D:6      | Found a runed translucent gate.
  4815 | D:6      | Found a runed translucent gate.
  4817 | D:6      | Found a runed translucent gate.
  4817 | D:6      | Noticed incide's ghost (novice GnWn)
  4817 | D:6      | Noticed Hasart's ghost (novice DEIE)
  4863 | D:6      | Reached skill level 7 in Long Blades
  5033 | D:6      | Noticed a two-headed ogre
  5062 | D:6      | Killed a two-headed ogre
  5062 | D:6      | Reached skill level 8 in Long Blades
  5062 | D:6      | Reached XP level 9. HP: 19/62 MP: 0/9
  5311 | D:6      | Noticed Grinder
  5311 | D:6      | Paralysed by Grinder for 4 turns
  5313 | D:6      | Noticed Edmund
  5325 | D:6      | Killed Grinder
  5330 | D:6      | Killed Edmund
  5402 | D:6      | Gained mutation: You cannot study or use magical devices.
                  | [Ru sacrifice]
  5402 | D:6      | Reached * piety under Ru
  5402 | D:6      | Reached ** piety under Ru
  5728 | D:6      | Noticed Prince Ribbit
  5742 | D:6      | Killed Prince Ribbit
  5742 | D:6      | Reached skill level 5 in Dodging
  5966 | D:6      | Found a white marble altar of Elyvilon.
  6086 | D:6      | Found an ornate altar of the Wu Jian Council.
  6089 | D:6      | Found an ancient bone altar of Kikubaaqudgha.
  6207 | D:7      | Found a hide-covered altar of Uskayaw.
  6249 | D:7      | Reached skill level 9 in Long Blades
  6311 | D:7      | HP: 2/63 [something (9)]
  6316 | D:7      | Slain by an unseen horror

Levels and vault maps discovered:
D:1:      dpeg_arrival_three_smaller_balls, layout_basic,
          minmay_misc_feat_columns
D:2:      layout_basic, minmay_heptomino_h4, uniq_jessica, uniq_natasha
D:3:      layout_basic
D:4:      layout_basic, nicolae_overflow_hidden_temple, kennysheep_mini,
          first_ration, minmay_fire_ice_demons, uniq_crazy_yiuf_cottage,
          uniq_blork_the_orc
D:5:      layout_loops_cross, okawaru_ov_weapons_minmay,
          evilmike_ruin_ashenzari, minmay_temple_entry_grid
D:6:      layout_loops_ring, chequers_temple_overflow_statue_of_worship,
          gammafunk_ghost_cemetery, elyvilon_altar_1, uniq_grinder, uniq_edmund,
          uniq_prince_ribbit1
D:7:      layout_loops_ring, overflow_temple_1_default, grunt_livestock,
          minmay_manual_macuahuitl, uniq_joseph
Temple:   jpeg_temple_island

Skill      XL: |  1  2  3  4  5  6  7  8  9 |
---------------+----------------------------+-----
Long Blades    | 3 4 5 6 8 9 |  9.1
Fighting       | 4 5 6 |  6.8
Shields        | 4 5 6 |  6.9
Dodging        | 4 5 |  5.3
Stealth        | |  0.5

Action                   |  1- 3 |  4- 6 |  7- 9 || total
-------------------------+-------+-------+-------++-------
Melee: Long sword        |    52 |   109 |   162 ||   323
       Tentacles         |    11 |    20 |    49 ||    80
       Constrict         |    10 |    25 |    45 ||    80
Throw: Dart              |       |       |     9 ||     9
Invok: Sacrifice Artific |       |       |     1 ||     1
  Use: Scroll            |       |       |    14 ||    14
       Potion            |       |       |     1 ||     1
 Stab: Sleeping          |     8 |     8 |    10 ||    26
       Distracted        |     1 |       |       ||     1
  Eat: Chunk             |     1 |     5 |    11 ||    17
Armor: Skin              |    12 |     2 |     2 ||    16
Dodge: Dodged            |    16 |    50 |    74 ||   140
Block: Kite shield       |    23 |    43 |    75 ||   141
       Rpst.: Long sword |     4 |    16 |    24 ||    44

Table legend:
 A = Non-vault XP
 B = Vault XP
 C = Vault XP percentage of total XP
 D = Non-vault monster count
 E = Vault monster count
 F = Vault count percentage of total count
                 A         B        C        D         E       F
            +---------+---------+-------+---------+---------+-------
      Total |    3175 |     944 |  22.9 |     141 |      11 |   7.2
            +---------+---------+-------+---------+---------+-------
        D:1 |      42 |       0 |   0.0 |      24 |       0 |   0.0
        D:2 |     168 |      90 |  34.9 |      21 |       5 |  19.2
        D:3 |      82 |       0 |   0.0 |      30 |       0 |   0.0
        D:4 |     624 |     152 |  19.6 |      27 |       3 |  10.0
        D:5 |     404 |       0 |   0.0 |      13 |       0 |   0.0
        D:6 |    1361 |     702 |  34.0 |      16 |       3 |  15.8
        D:7 |     494 |       0 |   0.0 |      10 |       0 |   0.0
            +---------+---------+-------+---------+---------+-------
